AoeStats
← Kanso

Arabia

509907641Analyzed
1v1 RM · 2d ago on Sep 28, 2026· 38m 10s· 2 players
Game mode
Random Map
Map size
Tiny (2 player)
Population
200
Speed
Normal
Resources
Standard
Victory
Conquest
Starting age
Dark Age
Ending age
Imperial Age
RankedLock teamsTeams togetherTeam positionsShared explorationLock speedFull tech treeHidden civsTurbo modeCheats
Victory
Defeat
🇨🇿 Danes · Czechia
1207
+15
🇱🇧 Hindustanis · Lebanon
1189
-15
Kanso
6:38 Loom
9:20 Feudal Age
19:05 Wheelbarrow
22:22 Castle Age
20:07 Horse Collar
20:17 Double-Bit Axe
20:29 Stone Mining
20:51 Gold Mining
23:39 Bow Saw
24:13 Bloodlines
24:27 Fletching
25:09 Bloodlines
25:45 Bodkin Arrow
26:49 Padded Archer Armor
27:39 Ballistics
39:40 Imperial Age
38:53 Hand Cart
golemnewton
5:48 Loom
9:07 Feudal Age
9:35 Double-Bit Axe
9:15 Man-at-Arms
11:11 Arson
19:41 Castle Age
18:22 Horse Collar
19:29 Forging
19:19 Scale Mail Armor
20:39 Bow Saw
20:35 Squires
21:36 Gambesons
27:20 Gold Mining
28:13 Town Watch
29:07 Wheelbarrow
29:34 Chain Mail Armor
29:55 Stone Mining
34:11 Hand Cart
38:03 Imperial Age
37:39 Iron Casting
36:58 Fletching
Connection lost

Rejoining the realm…

Still unreachable

The connection could not be restored.

Session expired

The server has moved on; the page needs a fresh start.